 Dungeon Crawl Stone Soup version 0.31-a0-1603-gbec6b6ccbf (webtiles) character file.

Game seed: 2438821791974574207

5017 jasper the Severer (level 10, -4/83 HPs)
             Began as a Minotaur Berserker on Jan 7, 2024.
             Was a High Priest of Trog.
             Killed by divine providence
             ... invoked by an orc priest
              (12 damage)
             ... on level 9 of the Dungeon.
             The game lasted 00:13:39 (7182 turns).

jasper the Severer (Minotaur Berserker)             Turns: 7182, Time: 00:13:40

Health: -4/83      AC: 15    Str: 21    XL:     10   Next: 30%
Magic:  4/9        EV:  8    Int:  4    God:    Trog [*****.]
Gold:   85         SH:  0    Dex: 15    Spells: 9/9 levels left

rFire   + . .        T - +2 battleaxe (freeze)
rCold   + . .        (shield currently unavailable)
rNeg    . . .        d - +0 plate armour
rPois   .            (helmet restricted)
rElec   .            y - scarf {rC+ rF+}
rCorr   .            P - +0 pair of gloves
SInv    .            J - +0 pair of boots
Will    ++...        v - amulet of regeneration Stlth
                     (no ring)
HPRegen 2.13/turn    (no ring)
MPRegen 0.11/turn

%: no passive effects
@: strong-willed, regenerating
A: horns 2, retaliatory headbutt
a: Renounce Religion, Berserk, Trog's Hand, Brothers in Arms


You were on level 9 of the Dungeon.
You worshipped Trog.
Trog was extremely pleased with you.
You visited 1 branch of the dungeon, and saw 9 of its levels.
You also visited: Ossuary.

You collected 512 gold pieces.
You spent 427 gold pieces at shops.

Inventory:

Hand Weapons
 a - a +0 hand axe of freezing
 f - a +0 sling
 n - a +0 flail
 p - a +4 sling of flaming
 u - a +0 war axe
 F - a +1 battleaxe of freezing
 L - a +0 broad axe
 M - a +5 battleaxe
 T - a +2 battleaxe of freezing (weapon)
Missiles
 c - 68 stones (quivered)
Armour
 b - a +1 animal skin
 d - a +0 plate armour (worn)
 o - a +0 buckler
 s - a +0 scale mail
 y - a scarf of resistance (worn)
 J - a +0 pair of boots (worn)
 P - a +0 pair of gloves (worn)
Jewellery
 v - an amulet of regeneration (around neck)
 z - a ring of ice
 I - a +6 ring of intelligence
 K - a ring of protection from fire
 V - an amulet of the acrobat
Wands
 r - a wand of polymorph (6)
 x - a wand of acid (12)
 O - a wand of charming (7)
 R - a wand of flame (20)
Scrolls
 i - 5 scrolls of teleportation
 j - a scroll of silence
 k - 2 scrolls of blinking
 m - a scroll of fog
 w - 3 scrolls of revelation
 A - a scroll of enchant armour
 B - 2 scrolls of vulnerability
 S - a scroll of enchant weapon
 U - a scroll of poison
 W - a scroll of fear
Potions
 e - 2 potions of lignification
 g - 2 potions of curing
 h - a potion of resistance
 q - 3 potions of haste
 t - 3 potions of degeneration
 C - 4 potions of invisibility
 D - 2 potions of attraction {unknown}
 E - 2 potions of berserk rage {unknown}
 G - a potion of brilliance {unknown}
 H - a potion of ambrosia {unknown}
 Q - a potion of magic {unknown}


   Skills:
 + Level 6.2 Fighting
 * Level 15.4 Axes
 - Level 4.0 Ranged Weapons
 + Level 5.5 Armour
 + Level 5.1 Dodging


You had 9 spell levels left.
You didn't know any spells.
Your spell library was empty.

Dungeon Overview and Level Annotations

Branches:
Dungeon (9/15)             Temple (0/1) D:7         Ossuary (visited)
   Lair: D:8-11         Orc: D:9-12

Altars:
Ashenzari
Okawaru
Sif Muna
Uskayaw
Xom

Shops:
D:1 [   D:2 ?   D:7 [*

Annotations:
D:5 1 runed translucent door


Innate Abilities, Weirdness & Mutations

You have a pair of horns on your head.
You reflexively headbutt those who attack you in melee.


Message History

You kill the yak!
Trog accepts your kill.
You hit the orc. You freeze the orc.
You kill the orc!
Trog accepts your kill.
You regained 2 hp, and now have 48/83 hp.
You hit the yak. You freeze the yak.
The yak is lightly wounded.
The orc priest mumbles some strange prayers to Beogh against you.
Beogh smites you! The yak closely misses you.
An orc wizard comes into view. It is wielding a +0 dagger.
An orc comes into view.
It is wielding a +0 dagger and wearing a +3 chain mail of fire resistance.
The orc shouts!
You take 6 damage, and have 42/83 hp.
You closely miss the yak. You headbutt the yak.
The yak is lightly wounded.
The yak gores you!
You take 7 damage, and have 35/83 hp.
You barely miss the yak. You headbutt the yak!
The yak is heavily wounded.
The yak barely misses you.
You regained 2 hp, and now have 37/83 hp.
You closely miss the yak. Your headbutt misses the yak.
The yak is heavily wounded.
The orc wizard gestures wildly while chanting.
The orc wizard flickers and vanishes!
Deactivating autopickup; reactivate with Ctrl-A.
The orc priest calls down the wrath of Beogh upon you.
Beogh smites you!
The orc priest invokes the aid of Beogh against you.
Beogh smites you!
* * * LOW HITPOINT WARNING * * *
The yak gores you.
* * * LOW HITPOINT WARNING * * *
You take 31 damage, and have 6/83 hp.
MASSIVE DAMAGE!!
You slash the yak! You freeze the yak. Your headbutt misses the yak.
The yak is severely wounded.
The orc priest calls down the wrath of Beogh upon you.
Beogh smites you!
You die...

#### .#
##..########'#
#.............
#.............
#........o....
#..oo....o....
#..{o.........
###Y##..##...
#@##)$#
#..$...)))).......
#.......$.........
#..?..............
###.###....#######
#. #....# . ......
.. ........


You could see a yak, 2 orc priests and an orc wizard.

Vanquished Creatures
  Maurice (D:9)
  Jeremiah (D:9)
  A wyvern (D:7)
  2 yaks (D:9)
  Duvessa (D:4)
  2 water moccasins
  2 black bears
  2 orc warriors
  A centaur (D:6)
  A kobold brigand (D:7)
  A bullfrog (D:8)
  10 scorpions
  15 wights
  Dowan (D:4)
  5 killer bees
  4 howler monkeys
  2 bombardier beetles (D:5)
  A gnoll bouda (D:5)
  2 human zombies (Ossuary)
  2 jellies
  3 orc priests (D:8)
  4 hounds
  Terence (D:3)
  Jessica (D:2)
  An iguana (D:6)
  10 orc wizards
  2 hound zombies (Ossuary)
  4 mummies (Ossuary)
  12 gnolls
  9 adders
  4 white imps (D:6)
  10 ufetubi
  3 adder zombies (Ossuary)
  2 dart slugs
  3 ribbon worms
  24 orcs
  10 ball pythons
  5 bats
  3 endoplasms
  3 giant cockroaches
  A gnoll zombie (Ossuary)
  5 goblins
  3 hobgoblins
  7 jackals
  6 quokkas
  2 frilled lizards (D:2)
  A goblin zombie (Ossuary)
  A hobgoblin zombie (Ossuary)
  15 kobolds
  A kobold zombie (Ossuary)
  An orc zombie (Ossuary)
  5 rats
  3 butterflies (D:5)
222 creatures vanquished.

Vanquished Creatures (others)
  A kobold brigand (D:9)
1 creature vanquished.

Grand Total: 223 creatures vanquished

Notes
Turn   | Place    | Note
-------+----------+-------------------------------------------
     0 | D:1      | jasper the Minotaur Berserker began the quest for the Orb.
     0 | D:1      | Reached XP level 1. HP: 19/19 MP: 0/0
    96 | D:1      | Reached skill level 4 in Axes
   238 | D:1      | Reached XP level 2. HP: 23/26 MP: 1/1
   426 | D:1      | Found Loenab's Antique Armour Emporium.
   878 | D:2      | Noticed Jessica
   886 | D:2      | Killed Jessica
   887 | D:2      | Reached skill level 5 in Axes
   887 | D:2      | Reached XP level 3. HP: 31/31 MP: 2/2
   983 | D:2      | Reached ** piety under Trog
  1093 | D:2      | Reached skill level 6 in Axes
  1093 | D:2      | Reached XP level 4. HP: 32/39 MP: 3/3
  1514 | D:2      | Found Sacseig's Magic Scroll Boutique.
  1518 | D:2      | Bought a scroll of fog for 40 gold pieces
  1861 | D:3      | Noticed a scorpion
  1870 | D:3      | Killed a scorpion
  1871 | D:3      | Reached skill level 7 in Axes
  1871 | D:3      | Reached XP level 5. HP: 45/45 MP: 4/4
  1977 | D:3      | Noticed Terence
  2101 | D:3      | Found a broken altar of Ashenzari.
  2146 | D:3      | Killed Terence
  2356 | D:4      | Found a shimmering altar of Xom.
  2424 | D:4      | Reached skill level 8 in Axes
  2701 | D:4      | Reached *** piety under Trog
  2702 | D:4      | Reached XP level 6. HP: 51/51 MP: 5/5
  3121 | D:4      | Noticed Dowan
  3123 | D:4      | Noticed Duvessa
  3142 | D:4      | Killed Duvessa
  3143 | D:4      | Reached skill level 9 in Axes
  3148 | D:4      | Killed Dowan
  3149 | D:4      | Reached XP level 7. HP: 23/57 MP: 6/6
  3340 | D:5      | Entered Level 5 of the Dungeon
  3457 | D:5      | Reached skill level 1 in Ranged Weapons
  3541 | D:5      | Found a runed translucent door.
  3546 | D:5      | Found a runed translucent door.
  3580 | D:5      | HP: 4/85 [poisoned by a water moccasin]
  3585 | D:5      | HP: 2/57 [poisoned by a water moccasin]
  3986 | D:5      | Reached skill level 10 in Axes
  4177 | D:5      | Found a shimmering blue altar of Sif Muna.
  4386 | D:5      | Reached XP level 8. HP: 64/64 MP: 7/7
  4387 | D:5      | Reached skill level 11 in Axes
  4402 | D:5      | Reached skill level 12 in Axes
  4619 | D:6      | Reached skill level 13 in Axes
  4629 | D:6      | Reached XP level 9. HP: 70/70 MP: 8/8
  5027 | D:6      | Found a sand-covered staircase.
  5034 | Ossuary  | Entered an ossuary
  5045 | Ossuary  | Reached **** piety under Trog
  5078 | Ossuary  | Reached skill level 14 in Axes
  5741 | D:7      | Found Okhliu's Antique Armour Shoppe.
  5749 | D:7      | Bought a pair of boots for 90 gold pieces
  5789 | D:7      | Found a staircase to the Ecumenical Temple.
  5947 | D:7      | Identified the storm talisman "Waxypn" {Dex+3}
  5980 | D:7      | Reached ***** piety under Trog
  6051 | D:7      | Found Wupsin's Assorted Antiques.
  6076 | D:7      | Bought a potion of heal wounds for 165 gold pieces
  6076 | D:7      | Bought a potion of curing for 99 gold pieces
  6076 | D:7      | Bought a scroll labelled MUGUPN VOKAA for 33 gold pieces
  6410 | D:8      | Found an iron altar of Okawaru.
  6475 | D:8      | Noticed a +0 dagger
  6475 | D:8      | Noticed a +0 dagger
  6517 | D:8      | Reached skill level 5 in Fighting
  6815 | D:8      | Found a hide-covered altar of Uskayaw.
  6904 | D:8      | Reached XP level 10. HP: 33/81 MP: 9/9
  7093 | D:8      | Reached skill level 15 in Axes
  7130 | D:9      | Noticed a skeletal warrior
  7130 | D:9      | Noticed a skeletal warrior
  7130 | D:9      | Noticed a skeletal warrior
  7130 | D:9      | Noticed a skeletal warrior
  7130 | D:9      | Noticed a skeletal warrior
  7134 | D:9      | Noticed Maurice
  7139 | D:9      | Maurice stole a talisman of death
  7152 | D:9      | Noticed Jeremiah
  7153 | D:9      | Reached skill level 5 in Armour
  7165 | D:9      | Killed Jeremiah
  7167 | D:9      | Killed Maurice
  7168 | D:9      | Reached skill level 5 in Dodging
  7182 | D:9      | Killed from afar by an orc priest

Illustrated notes

Levels and vault maps discovered:
D:1:      saegor_arrival_simple_c, layout_loops_cross, serial_shops, shop_statue
D:2:      layout_basic, serial_shops, nicolae_shop_back_alley_shop, uniq_jessica
D:3:      layout_rooms, lemuel_coloured_pillars_altar, minmay_liquid_box,
          uniq_terence
D:4:      layout_loops_ring, mainiacjoe_overflow_alcove_4, uniq_duvessa
D:5:      lemuel_insect_pit, layout_gridville, lemuel_blue_sif_altar
D:6:      layout_basic, chequers_ossuary_entry_cave, grunt_ministairs_14
D:7:      layout_basic, minmay_temple_entry_butterflies, serial_shops,
          shop_fountains, shop, nicolae_titane
D:8:      layout_rooms, okawaru_trees_1, dancing_weapons_uskayaw,
          minmay_misc_feat_diagonals
D:9:      layout_gridville, serial_shops, nicolae_shop_stone, uniq_maurice,
          uniq_jeremiah

Skill      XL: |  1  2  3  4  5  6  7  8  9 10 |
---------------+-------------------------------+-----
Axes           | 4 5 6 7 8 9 10 13 14 15 | 15.4
Ranged Weapons | 4 |  4.0
Fighting       | 5 6 |  6.2
Armour         | 4 5 |  5.5
Dodging        | 4 5 |  5.1

Action                     |  1- 3 |  4- 6 |  7- 9 | 10-12 || total
---------------------------+-------+-------+-------+-------++-------
  Melee: Hand axe          |    76 |   120 |   144 |       ||   340
         Headbutt          |     9 |    22 |    40 |     9 ||    80
         Flail             |       |     2 |       |       ||     2
         Battleaxe         |       |       |   115 |    45 ||   160
   Fire: Sling             |       |    16 |   118 |     9 ||   143
  Throw: Stone             |       |       |     1 |       ||     1
 Invoke: Berserk           |     1 |     2 |     4 |       ||     7
         Trog's Hand       |       |     2 |     2 |     1 ||     5
    Use: Scroll            |     4 |     3 |    11 |     1 ||    19
         Potion            |       |       |     1 |     2 ||     3
 Armour: Animal skin       |    50 |    16 |       |       ||    66
         Scale mail        |       |    61 |    69 |       ||   130
         Plate armour      |       |       |   249 |    49 ||   298
  Dodge: Dodged            |    64 |    56 |   118 |    26 ||   264
  Block: Buckler           |       |    11 |    39 |       ||    50

Table legend: (Time is in decaauts)
 A = Elapsed time spent in this place.
 B = Non-inter-level travel time spent in this place.
 C = Inter-level travel time spent in this place.
 D = Time resting spent in this place.
 E = Time spent auto-exploring this place.
 F = Levels seen in this place.
 G = Mean time per level.
                   A        B        C        D        E       F      G
               +--------+--------+--------+--------+--------+-----+--------+
         Total |   7255 |   6982 |    273 |    469 |   4846 |  10 |  725.5 |
       Dungeon |   7042 |   6769 |    273 |    469 |   4719 |   9 |  782.4 |
       Ossuary |    213 |    213 |      0 |      0 |    127 |   1 |  213.0 |
               +--------+--------+--------+--------+--------+-----+--------+

Top non-repeatable levels by time:
     D:5: 1167 daAuts
     D:4: 1039 daAuts
     D:6: 998 daAuts
     D:2: 867 daAuts
     D:1: 835 daAuts
     D:7: 784 daAuts
     D:8: 634 daAuts
     D:3: 620 daAuts
 Ossuary: 213 daAuts
     D:9: 95 daAuts
